 Dungeon Crawl Stone Soup version 0.23-a0-650-ga4d50d4d25 (webtiles) character file.

3415 LLavrengius the Slicer (level 10, -3/69 HPs)
             Began as an Octopode Fighter on Jan 3, 2019.
             Was a Follower of Sif Muna.
             Slain by an ice beast (14 damage)
             ... on level 9 of the Dungeon.
             The game lasted 00:25:08 (10489 turns).

LLavrengius the Slicer (Octopode Fighter)          Turns: 10489, Time: 00:25:08

Health: -3/69      AC:  1    Str: 16    XL:     10   Next: 5%
Magic:  13/13      EV: 11    Int: 14    God:    Sif Muna [*.....]
Gold:   37         SH: 11    Dex: 11    Spells: 13/13 levels left

rFire    . . .     SeeInvis .   a - +1 rapier
rCold    . . .     Gourm    .   b - +1 shield
rNeg     + . .     Faith    +   (helmet restricted)
rPois    .         Spirit   .   e - amulet of faith
rElec    .         Reflect  .   i - ring of wizardry
rCorr    +         Harm     .   h - ring of positive energy
MR       .....                  y - ring of resist corrosion
Stlth    ++++......             (no ring)
HPRegen  0.21/turn              (no ring)
MPRegen  0.13/turn              (no ring)
                                (no ring)
                                (no ring)

@: drained
A: almost no armour, stealthy swim, amphibious, 8 rings, constrict 8, camouflage
1, gelatinous body 1
a: Divine Energy, Renounce Religion


You were on level 9 of the Dungeon.
You worshipped Sif Muna.
Sif Muna was aware of your devotion.
You were very hungry.

You visited 2 branches of the dungeon, and saw 10 of its levels.

You collected 37 gold pieces.

Inventory:

Hand Weapons
 a - a +1 rapier (weapon)
 s - a +0 hunting sling
Missiles
 p - 18 tomahawks (quivered)
 u - 26 sling bullets
Armour
 b - a +1 shield (worn)
Jewellery
 e - an amulet of faith (around mantle)
 h - a ring of positive energy (right tentacle)
 i - a ring of wizardry (left tentacle)
 y - a ring of resist corrosion (on tentacle)
Wands
 c - a wand of paralysis (2)
 n - a wand of random effects (22)
 r - a wand of flame (10)
Scrolls
 k - 2 scrolls of enchant weapon
 l - 3 scrolls of magic mapping
 m - a scroll of enchant armour
 w - a scroll of teleportation
Potions
 f - a potion of curing {unknown}
 q - a potion of magic
 t - a potion of berserk rage
 v - a potion of might
 x - 2 potions of mutation {unknown}
Comestibles
 d - 4 rations


   Skills:
 + Level 6.5(5.6) Fighting
 * Level 9.3(8.3) Short Blades
 - Level 3.0(2.2) Dodging
 - Level 7.0(6.1) Stealth
 * Level 7.3(6.4) Shields
 + Level 2.4(1.6) Spellcasting


You had 13 spell levels left.
You didn't know any spells.
Your spell library was empty.

Dungeon Overview and Level Annotations

Branches:
Dungeon (9/15)             Temple (1/1) D:5
   Lair: D:8-11         Orc: D:9-12

Altars:
Ashenzari
Elyvilon
Fedhas
Gozag
Hepliaklqana
Kikubaaqudgha
Makhleb
Qazlal
Sif Muna
Xom
Yredelemnul
Zin
The Shining One

Annotations:
D:8 Maurice


Innate Abilities, Weirdness & Mutations

You cannot wear most types of armour.
You are very stealthy in the water. (Stealth+)
You are amphibious.
You can wear up to eight rings at the same time.
You can use your tentacles to constrict eight enemies at once.
Your skin changes colour to match your surroundings (Stealth+).
Your rubbery body absorbs attacks. (AC +1, EV +1)


Message History

The ice beast is severely wounded.
The ice beast hits you but does no damage.
You barely miss the ice beast.
The ice beast is severely wounded.
The ice beast hits you. The ice beast freezes you!
You hit the ice beast. Your squeeze misses the ice beast.
The ice beast is almost dead.
You block the ice beast's attack.
You hit the ice beast but do no damage.
The ice beast is almost dead.
You hit the ice beast.
The ice beast is almost dead.
The ice beast hits you. The ice beast freezes you!
* * * LOW HITPOINT WARNING * * *
You hit the ice beast but do no damage.
The ice beast is almost dead.
The ice beast hits you.
* * * LOW HITPOINT WARNING * * *
The ice beast freezes you!
You die...

######
...........#####
.....................#
.....................#
....................#
#..................#
#..................#
#..............#...#
#..............#...#
#...Y@.........#...#
#..............#...#
#..............#...#
#..............#...#
####################


You could see an ice beast.

Vanquished Creatures
  Joseph (D:7)
  Prince Ribbit (D:5)
  A wyvern (D:8)
  A hungry ghost (D:9)
  Eustachio (D:4)
  Edmund (D:5)
  A black bear (D:8)
  3 orc warriors
  4 ogres
  2 sky beasts
  A phantom (D:6)
  A centaur (D:7)
  3 bullfrogs
  3 scorpions
  2 crimson imps
  A quasit (D:8)
  Crazy Yiuf (D:7)
  3 orc priests
  A bullfrog skeleton (D:8)
  8 orc wizards
  2 iguanas
  6 worker ants
  A killer bee zombie (D:7)
  A worker ant zombie (D:5)
  9 gnolls
  8 adders
  3 shadow imps
  An ooze (D:5)
  2 worms
  A dart slug (D:1)
  3 leopard geckos
  21 orcs
  2 ball pythons (D:2)
  10 bats
  6 giant cockroaches
  5 goblins
  6 hobgoblins
  8 jackals
  10 kobolds
  2 quokkas
  8 frilled lizards
  A jackal skeleton (D:4)
  A jackal zombie (D:7)
  A leopard gecko skeleton (D:8)
  A quokka skeleton (D:8)
  7 rats
  A spectral orc (D:4)
167 creatures vanquished.

Notes
Turn   | Place    | Note
-------+----------+-------------------------------------------
     0 | D:1      | LLavrengius the Octopode Fighter began the quest for the
                  | Orb.
     0 | D:1      | Reached XP level 1. HP: 16/16 MP: 1/1
     6 | D:1      | Noticed a water moccasin
     6 | D:1      | Noticed a lindwurm
     6 | D:1      | Noticed a swamp drake
     7 | D:1      | Noticed a black bear
     7 | D:1      | Noticed a worker ant
   136 | D:1      | Reached skill level 1 in Stealth
   136 | D:1      | Reached XP level 2. HP: 21/21 MP: 2/2
   364 | D:1      | Reached XP level 3. HP: 26/26 MP: 3/3
   847 | D:2      | Reached skill level 3 in Short Blades
  1166 | D:2      | Reached XP level 4. HP: 26/31 MP: 4/4
  1962 | D:3      | Reached XP level 5. HP: 26/36 MP: 5/5
  2322 | D:3      | Reached skill level 4 in Short Blades
  2755 | D:4      | Reached skill level 5 in Stealth
  3230 | D:4      | Reached XP level 6. HP: 14/42 MP: 6/6
  3735 | D:4      | Found a basalt altar of Yredelemnul.
  3796 | D:5      | Entered Level 5 of the Dungeon
  3816 | D:5      | Noticed Prince Ribbit
  3839 | D:5      | Found a white marble altar of Elyvilon.
  3842 | D:5      | Noticed Eustachio
  4176 | D:4      | Killed Eustachio
  4378 | D:5      | Noticed Edmund
  4391 | D:5      | Killed Edmund
  4391 | D:5      | Reached skill level 5 in Short Blades
  4391 | D:5      | Reached XP level 7. HP: 19/47 MP: 7/7
  4802 | D:5      | HP: 1/47 [ogre/+0 giant club (20)]
  4825 | D:5      | HP: 1/48 [worker ant (4)]
  5278 | D:5      | Found a staircase to the Ecumenical Temple.
  5283 | Temple   | Entered the Ecumenical Temple
  5294 | Temple   | Became a worshipper of Sif Muna the Loreminder
  5377 | D:5      | Killed Prince Ribbit
  5377 | D:5      | Reached skill level 6 in Short Blades
  5377 | D:5      | Reached XP level 8. HP: 37/54 MP: 8/8
  5949 | D:6      | Found a shimmering altar of Xom.
  6305 | D:6      | Reached skill level 5 in Fighting
  6305 | D:6      | Reached skill level 7 in Short Blades
  6305 | D:6      | Reached skill level 5 in Shields
  6823 | D:7      | Found a glowing silver altar of Zin.
  7200 | D:7      | Noticed Joseph
  7200 | D:7      | Paralysed by Joseph for 4 turns
  7218 | D:7      | HP: 2/56 [Joseph/+0 quarterstaff (11)]
  7220 | D:7      | Killed Joseph
  7220 | D:7      | Reached skill level 8 in Short Blades
  7220 | D:7      | Reached XP level 9. HP: 3/62 MP: 9/9
  7520 | D:7      | Found a stormy altar of Qazlal.
  7526 | D:7      | Found a blossoming altar of Fedhas.
  7552 | D:7      | Found a burning altar of Makhleb.
  8516 | D:7      | Found a runed door.
  8520 | D:7      | Noticed Crazy Yiuf
  8524 | D:7      | Killed Crazy Yiuf
  8652 | D:8      | Reached skill level 1 in Spellcasting
  8836 | D:8      | Reached * piety under Sif Muna
  9343 | D:8      | Noticed Maurice
  9349 | D:8      | Paralysed by Maurice for 3 turns
  9391 | D:8      | Reached skill level 9 in Short Blades
  9516 | D:8      | Paralysed by Maurice for 7 turns
  9563 | D:8      | Paralysed by Maurice for 6 turns
  9989 | D:9      | Reached XP level 10. HP: 9/69 MP: 0/13
 10375 | D:8      | Paralysed by something for 5 turns
 10489 | D:9      | Slain by an ice beast

Vault maps used:
D:1:      onia_arrival_zoo_common
D:2:      hex_tiny
D:3:      first_ration, serial_forest, infiniplex_forest_straight_1,
          infiniplex_forest_corner_1, infiniplex_forest_clump_long,
          infiniplex_forest_corner_2, infiniplex_forest_straight_4
D:4:      yredelemnul_forgotten_temple_becter, minmay_misc_feat_rows,
          grunt_decor_cap, minmay_box_of_dots
D:5:      temple_doors_ab, elyvilon_altar_5, uniq_edmund, uniq_prince_ribbit1,
          uniq_eustachio
D:6:      xom_butterflies
D:7:      grunt_temple_overflow_forces_of_nature, zin_academy, bloody_makhleb,
          uniq_crazy_yiuf_cottage, uniq_joseph
D:8:      uniq_maurice
D:9:      lemuel_doored_altar, minmay_orc_entry_guard_dogs,
          ploomutoo_gammafunk_ghost_potion_laboratory, uniq_harold
Temple:   eino_temple_rhombus

Skill      XL: |  1  2  3  4  5  6  7  8  9 |
---------------+----------------------------+-----
Stealth        | 1 2 3 4 5 6 7 |  7.0
Short Blades   | 3 4 5 6 8 9 |  9.3
Fighting       | 4 5 6 |  6.5
Shields        | 4 5 7 |  7.3
Spellcasting   | 2 |  2.4
Dodging        | |  3.0

Action                   |  1- 3 |  4- 6 |  7- 9 | 10-12 || total
-------------------------+-------+-------+-------+-------++-------
Melee: Rapier            |    70 |   130 |   253 |    27 ||   480
       Constrict         |    17 |    31 |    44 |     1 ||    93
       Tentacles         |     7 |    30 |    53 |     3 ||    93
  Use: Potion            |       |     1 |     3 |       ||     4
       Scroll            |       |       |    11 |       ||    11
 Stab: Sleeping          |    12 |     9 |    18 |     1 ||    40
       Distracted        |       |     1 |       |       ||     1
  Eat: Chunk             |     1 |     6 |    12 |       ||    19
       Ration            |       |     1 |     2 |       ||     3
Armor: Skin              |     2 |     6 |     6 |     1 ||    15
Dodge: Dodged            |    22 |    46 |    53 |     3 ||   124
Block: Shield            |    32 |    39 |    72 |     6 ||   149

Table legend:
 A = Non-vault XP
 B = Vault XP
 C = Vault XP percentage of total XP
 D = Non-vault monster count
 E = Vault monster count
 F = Vault count percentage of total count
                 A         B        C        D         E       F
            +---------+---------+-------+---------+---------+-------
      Total |    3775 |    1104 |  22.6 |     161 |       6 |   3.6
            +---------+---------+-------+---------+---------+-------
        D:1 |      48 |       0 |   0.0 |      21 |       0 |   0.0
        D:2 |      72 |       0 |   0.0 |      25 |       0 |   0.0
        D:3 |     102 |       0 |   0.0 |      25 |       0 |   0.0
        D:4 |     112 |     171 |  60.4 |       8 |       2 |  20.0
        D:5 |     382 |     432 |  53.1 |      17 |       2 |  10.5
        D:6 |     617 |       0 |   0.0 |      18 |       0 |   0.0
        D:7 |     864 |     501 |  36.7 |      16 |       2 |  11.1
        D:8 |    1204 |       0 |   0.0 |      25 |       0 |   0.0
        D:9 |     374 |       0 |   0.0 |       6 |       0 |   0.0
            +---------+---------+-------+---------+---------+-------
